 Dungeon Crawl Stone Soup version 0.21.1-1-g345015fe64 (webtiles) character file.

1157 Crag the Insei (level 8, -1/60 HPs)
             Began as a Gnoll Transmuter on July 28, 2018.
             Slain by an unseen horror (11 damage)
             ... on level 6 of the Dungeon.
             The game lasted 00:33:08 (7332 turns).

Crag the Insei (Gnoll Transmuter)                   Turns: 7332, Time: 00:33:08

Health: -1/60      AC:  4    Str: 20    XL:     8   Next: 39%
Magic:  15/17      EV: 15    Int: 15    God:
Gold:   275        SH:  5    Dex: 16    Spells: 10/19 levels left

rFire    + . .     SeeInvis .   k - +0 spear
rCold    . . .     Gourm    .   (no shield)
rNeg     . . .     Faith    .   f - +1 leather armour
rPois    .         Spirit   .   (helmet restricted)
rElec    .         Reflect  +   (no cloak)
rCorr    .         Harm     .   (no gloves)
MR       .....     Rnd*Tele +   (no boots)
Stlth    +++.......             w - +5 amulet of reflection
HPRegen  0.20/turn              m - ring of stealth
MPRegen  0.15/turn              x - ring of teleportation (curse)

@: mighty
A: distributed training, antennae 1, fangs 1, fire resistance 1, wild magic 1,
strong nose
a: no special abilities


You were on level 6 of the Dungeon.
You were very hungry.

You visited 1 branch of the dungeon, and saw 6 of its levels.
You also visited: Sewer.

You collected 275 gold pieces.

Inventory:

Hand Weapons
 a - a +0 dire flail
 b - the +10 hunting sling of Terror {freeze, +Fly rElec Str+4 Dex-4}
   (You found it on level 4 of the Dungeon)

   It causes projectiles fired from it to freeze those they strike, causing
   extra injury to most foes and up to half again as much damage against
   particularly susceptible opponents.
   They can also slow down cold-blooded creatures.
   It affects your strength (+4).
   It affects your dexterity (-4).
   It insulates you from electricity.
   It lets you fly.
 i - a +0 flail
 k - a +0 spear (weapon)
 n - a +0 hunting sling
 y - a +0 blowgun
 J - a +0 shortbow
Missiles
 e - 22 bolts
 o - 222 stones (quivered)
 p - 82 arrows
 q - 46 sling bullets
 t - 7 tomahawks
 u - 14 poisoned needles
Armour
 f - a +1 leather armour (worn)
 z - a +0 robe
 A - a +0 helmet
 I - a +0 ring mail
Jewellery
 h - an uncursed amulet of rage
 m - a ring of stealth (left hand)
 w - a +5 amulet of reflection (around neck)
 x - a cursed ring of teleportation (right hand)
Wands
 s - a wand of enslavement (10)
 B - a wand of acid (9)
 F - a wand of polymorph (11)
 G - a wand of flame (34)
 H - a wand of random effects (32)
Scrolls
 g - 3 scrolls of blinking
 l - 3 scrolls of identify
 C - a scroll of amnesia {unknown}
 E - a scroll of noise {unknown}
Potions
 r - a potion of berserk rage
 K - a potion of mutation
Books
 c - a book of Changes

   Spells                             Type                      Level
   a - Beastly Appendage              Transmutation                1
   b - Sticks to Snakes               Transmutation                2
   c - Spider Form                    Transmutation/Poison         3
   d - Ice Form                       Ice/Transmutation            4
   e - Blade Hands                    Transmutation                5
 D - a book of Minor Magic

   Spells                             Type                      Level
   a - Magic Dart                     Conjuration                  1
   b - Blink                          Translocation                2
   c - Call Imp                       Summoning                    2
   d - Slow                           Hexes                        2
   e - Conjure Flame                  Conjuration/Fire             3
   f - Mephitic Cloud                 Conjuration/Poison/Air       3
Comestibles
 d - 13 rations


   Skills:
 + Level 4.1 Fighting
 + Level 3.1 Short Blades
 + Level 3.1 Long Blades
 + Level 3.1 Axes
 + Level 3.1 Maces & Flails
 + Level 3.1 Polearms
 + Level 3.1 Staves
 + Level 3.1 Slings
 + Level 3.1 Bows
 + Level 3.1 Crossbows
 + Level 3.1 Throwing
 + Level 3.1 Armour
 + Level 5.6 Dodging
 + Level 3.1 Stealth
 + Level 3.1 Shields
 + Level 7.3 Unarmed Combat
 + Level 6.0 Spellcasting
 + Level 2.5 Conjurations
 + Level 2.5 Hexes
 + Level 2.5 Charms
 + Level 2.5 Summonings
 + Level 2.5 Necromancy
 + Level 2.5 Translocations
 + Level 4.6 Transmutations
 + Level 2.5 Fire Magic
 + Level 2.5 Ice Magic
 + Level 2.5 Air Magic
 + Level 2.5 Earth Magic
 + Level 2.5 Poison Magic
 + Level 3.5 Invocations
 + Level 3.1 Evocations


You had 10 spell levels left.
You knew the following spells:

 Your Spells              Type           Power        Failure   Level  Hunger
a - Beastly Appendage     Tmut           ###...       4%          1    None
b - Spider Form           Tmut/Pois      ###.......   17%         3    ##.....
c - Blink                 Tloc           N/A          13%         2    #......
d - Mephitic Cloud        Conj/Pois/Air  ###.....     24%         3    ##.....


Dungeon Overview and Level Annotations

Branches:
Dungeon (6/15)
 Temple: D:4-7

Altars:
Ashenzari
Makhleb
Trog
Xom
Yredelemnul


Innate Abilities, Weirdness & Mutations

Your experience applies equally to all skills.
You have very sharp teeth.
Your uncanny sense of smell can sniff out nearby items.
You have a pair of small antennae on your head.
Your flesh is heat resistant. (rF+)
Your spells are a little harder to cast, but a little more powerful.


Message History

You feel much better. Something hits you!
Your transformation has ended.
Your +0 spear unmelds from your body.
Your +1 leather armour unmelds from your body.
You block something's attack.
You feel very mighty all of a sudden. Something hits you.
* * * LOW HITPOINT WARNING * * *
Attack whom?
Press: ? - help, Dir - move target cursor You hit something.
You punch something! Something hits you but does no damage.
Attack whom?
Press: ? - help, Dir - move target cursor You puncture something!
Something hits you.
* * * LOW HITPOINT WARNING * * *
Attack whom?
Press: ? - help, Dir - move target cursor You reach to attack!
You puncture something! Something barely misses you. Something hits you!
You die...

## ..# .#####..#
∆ .$.# )...#...#
... ........#
..# .......##
(.##### ......##
...!... ......#
##.(... ###...#
#)?.# ##..##
##@.#
##..########.{.#
##...........##
##..........#
##########..#
#.(..# ....... ∆
.#####.


There were no monsters in sight!

Vanquished Creatures
  A phantom (D:3)
  A necrophage (D:5)
  An ogre (D:3)
  3 bullfrogs
  A howler monkey (D:6)
  2 jellies (D:5)
  An orc priest (D:3)
  A bullfrog skeleton (D:5)
  4 orc wizards
  2 worker ants (D:4)
  A hound skeleton (D:5)
  Robin (D:4)
  8 adders
  4 gnolls
  7 oozes
  An adder skeleton (D:5)
  3 worms
  6 dart slugs
  7 leopard geckos
  9 orcs
  7 giant cockroaches
  12 goblins
  20 hobgoblins
  4 quokkas
  2 ball pythons
  8 bats
  10 frilled lizards
  A jackal skeleton (D:4)
  11 kobolds
  A leopard gecko skeleton (D:4)
  12 rats
152 creatures vanquished.

Vanquished Creatures (others)
  A centaur (D:6)
1 creature vanquished.

Grand Total: 153 creatures vanquished

Notes
Turn   | Place    | Note
-------+----------+-------------------------------------------
     0 | D:1      | Crag the Gnoll Transmuter began the quest for the Orb.
     0 | D:1      | Reached XP level 1. HP: 17/17 MP: 6/6
   271 | D:1      | Reached XP level 2. HP: 22/23 MP: 7/7
   929 | D:1      | Reached XP level 3. HP: 28/28 MP: 9/9
   940 | D:1      | Learned a level 3 spell: Spider Form
   977 | D:1      | Reached skill level 5 in Spellcasting
  1609 | D:1      | Reached skill level 1 in Invocations
  1747 | D:1      | Gained mutation: Your flesh is heat resistant. (rF+) [potion of mutation]
  1747 | D:1      | Gained mutation: Your spells are a little harder to cast, but a little more powerful. [potion of mutation]
  1747 | D:1      | Gained mutation: You have a pair of small antennae on your head. [potion of mutation]
  2008 | D:2      | Reached skill level 1 in Short Blades
  2008 | D:2      | Reached skill level 1 in Long Blades
  2008 | D:2      | Reached skill level 1 in Axes
  2008 | D:2      | Reached skill level 1 in Maces & Flails
  2008 | D:2      | Reached skill level 1 in Polearms
  2008 | D:2      | Reached skill level 1 in Staves
  2008 | D:2      | Reached skill level 1 in Slings
  2008 | D:2      | Reached skill level 1 in Bows
  2008 | D:2      | Reached skill level 1 in Crossbows
  2008 | D:2      | Reached skill level 1 in Throwing
  2008 | D:2      | Reached skill level 1 in Armour
  2008 | D:2      | Reached skill level 1 in Stealth
  2008 | D:2      | Reached skill level 1 in Shields
  2008 | D:2      | Reached skill level 1 in Evocations
  2059 | D:2      | Reached XP level 4. HP: 26/34 MP: 11/11
  2172 | D:2      | Found a burning altar of Makhleb.
  2266 | D:2      | Found a bloodstained altar of Trog.
  2327 | D:2      | Reached skill level 1 in Conjurations
  2327 | D:2      | Reached skill level 1 in Hexes
  2327 | D:2      | Reached skill level 1 in Charms
  2327 | D:2      | Reached skill level 1 in Summonings
  2327 | D:2      | Reached skill level 1 in Necromancy
  2327 | D:2      | Reached skill level 1 in Translocations
  2327 | D:2      | Reached skill level 1 in Fire Magic
  2327 | D:2      | Reached skill level 1 in Ice Magic
  2327 | D:2      | Reached skill level 1 in Air Magic
  2327 | D:2      | Reached skill level 1 in Earth Magic
  2327 | D:2      | Reached skill level 1 in Poison Magic
  3071 | D:2      | Reached XP level 5. HP: 31/40 MP: 12/12
  4127 | D:3      | Noticed a phantom
  4145 | D:3      | Reached XP level 6. HP: 36/47 MP: 13/13
  4448 | D:3      | Reached skill level 5 in Dodging
  4454 | D:3      | Found a basalt altar of Yredelemnul.
  4608 | D:4      | Got a smoking hunting sling
  4610 | D:4      | Noticed Robin
  4625 | D:4      | Killed Robin
  4735 | D:3      | Identified the +10 hunting sling of Terror {freeze, +Fly rElec Str+4 Dex-4} (You found it on level 4 of the Dungeon)
  5000 | D:4      | Learned a level 2 spell: Blink
  5004 | D:4      | Learned a level 3 spell: Mephitic Cloud
  5026 | D:4      | Reached XP level 7. HP: 50/52 MP: 15/15
  5108 | D:4      | Found a glowing drain.
  5113 | Sewer    | Entered a sewer
  5429 | Sewer    | Reached skill level 7 in Unarmed Combat
  5585 | D:4      | Found a shimmering altar of Xom.
  6348 | D:5      | Entered Level 5 of the Dungeon
  6591 | D:5      | Reached XP level 8. HP: 60/60 MP: 16/16
  7260 | D:6      | Found a shattered altar of Ashenzari.
  7326 | D:6      | HP: 2/60 [something (7)]
  7332 | D:6      | Slain by an unseen horror

Skill      XL: |  1  2  3  4  5  6  7  8 |
---------------+-------------------------+-----
Spellcasting   | 5 6 |  6.0
Invocations    | 1 2 3 |  3.5
Short Blades   | 1 2 3 |  3.1
Long Blades    | 1 2 3 |  3.1
Axes           | 1 2 3 |  3.1
Maces & Flails | 1 2 3 |  3.1
Polearms       | 1 2 3 |  3.1
Staves         | 1 2 3 |  3.1
Slings         | 1 2 3 |  3.1
Bows           | 1 2 3 |  3.1
Crossbows      | 1 2 3 |  3.1
Throwing       | 1 2 3 |  3.1
Armour         | 1 2 3 |  3.1
Stealth        | 1 2 3 |  3.1
Shields        | 1 2 3 |  3.1
Evocations     | 1 2 3 |  3.1
Conjurations   | 1 2 |  2.5
Hexes          | 1 2 |  2.5
Charms         | 1 2 |  2.5
Summonings     | 1 2 |  2.5
Necromancy     | 1 2 |  2.5
Translocations | 1 2 |  2.5
Fire Magic     | 1 2 |  2.5
Ice Magic      | 1 2 |  2.5
Air Magic      | 1 2 |  2.5
Earth Magic    | 1 2 |  2.5
Poison Magic   | 1 2 |  2.5
Fighting       | 3 4 |  4.1
Transmutations | 4 |  4.6
Dodging        | 5 |  5.6
Unarmed Combat | 7 |  7.3

Action                   |  1- 3 |  4- 6 |  7- 9 || total
-------------------------+-------+-------+-------++-------
Melee: Club              |   122 |       |       ||   122
       Unarmed           |     5 |    28 |    19 ||    52
       Headbutt          |     7 |       |       ||     7
       Punch             |     4 |     2 |     1 ||     7
       Bite              |    14 |    16 |    15 ||    45
       Flail             |    13 |    72 |       ||    85
       Kick              |     2 |     6 |     3 ||    11
       Dire flail        |       |   118 |   126 ||   244
       Spear             |       |     4 |     4 ||     8
 Fire: Hunting sling     |       |       |    39 ||    39
Throw: Stone             |     1 |     6 |       ||     7
 Cast: Beastly Appendage |    12 |     7 |     2 ||    21
       Spider Form       |       |     3 |     2 ||     5
 Abil: End Transformatio |       |       |     1 ||     1
  Use: Scroll            |     4 |     2 |     1 ||     7
       Potion            |     1 |     4 |     4 ||     9
 Stab: Sleeping          |     2 |     9 |     2 ||    13
  Eat: Chunk             |     3 |    11 |     6 ||    20
Armor: Robe              |    16 |       |       ||    16
       Leather armour    |     8 |    40 |    17 ||    65
       Skin              |       |       |     1 ||     1
Dodge: Dodged            |   108 |   221 |   193 ||   522
Block: Other             |       |       |     6 ||     6
       Reflection        |       |       |     1 ||     1
